 Dungeon Crawl Stone Soup version 0.20.1-1-g8b1a95d (console) character file.

525 hilaritas the Magician (level 7, -7/46 HPs)
             Began as a Barachi Ice Elementalist on Aug 25, 2017.
             Mangled by an ice beast (8 damage)
             ... on level 5 of the Dungeon.
             The game lasted 00:13:00 (4794 turns).

hilaritas the Magician (Barachi Ice Elementalist)   Turns: 4794, Time: 00:13:00

Health: -7/46      AC:  7    Str:  9    XL:     7   Next: 23%
Magic:  1/16       EV: 17    Int: 18    God:
Gold:   186        SH:  0    Dex: 15    Spells: 2/18 levels left

rFire    . . .     SeeInvis .   l - +1 whip
rCold    . . .     Gourm    .   (no shield)
rNeg     . . .     Faith    .   a - +0 robe
rPois    .         Spirit   .   (no helmet)
rElec    .         Reflect  .   o - scarf {repulsion}
rCorr    .         Harm     .   D - +2 pair of gloves {Dex+3}
MR       .....     Rnd*Tele +   u - +1 pair of boots
Stlth    ++........             (no amulet)
Regen    0.2/turn               t - ring of teleportation (curse)
MPRegen  0.2/turn               j - +4 ring of evasion

@: very slightly contaminated, repel missiles, slow
A: +LOS, swims, slowness 1, strong legs 1
a: Hop


You were on level 5 of the Dungeon.
You were not hungry.

You visited 1 branch of the dungeon, and saw 5 of its levels.

You collected 186 gold pieces.

Inventory:

Hand Weapons
 l - a +1 whip (weapon)
Missiles
 e - 159 stones (quivered)
Armour
 a - a +0 robe (worn)
 d - the -6 cloak of the Vaults {rPois Dex+3 Stlth+}
   (You found it on level 4 of the Dungeon)

   It affects your dexterity (+3).
   It protects you from poison.
   It makes you more stealthy.
 o - a scarf of repulsion (worn)
 u - a +1 pair of boots (worn)
 D - a +2 pair of gloves of dexterity (worn)
Jewellery
 j - a +4 ring of evasion (right hand)
 t - a cursed ring of teleportation (left hand)
 v - a cursed ring of teleportation
 B - an uncursed ring of flight
Scrolls
 q - 2 scrolls of fear
 r - a scroll of enchant weapon
 s - a scroll of enchant armour
 y - 4 scrolls of identify
Potions
 f - 2 potions of curing
 g - 2 potions of brilliance
 h - a potion of might {unknown}
 m - a potion of resistance {unknown}
 n - 3 potions of lignification {unknown}
 p - 2 potions of cancellation {unknown}
 w - a potion of magic {unknown}
 z - a potion of flight {unknown}
 C - 2 potions of mutation {unknown}
Books
 b - a book of Frost

   Spells                             Type                      Level
   a - Freeze                         Ice                          1
   b - Throw Frost                    Conjuration/Ice              2
   c - Ozocubu's Armour               Charms/Ice                   3
   d - Throw Icicle                   Conjuration/Ice              4
   e - Summon Ice Beast               Ice/Summoning                4
 i - a book of Minor Magic

   Spells                             Type                      Level
   a - Magic Dart                     Conjuration                  1
   b - Blink                          Translocation                2
   c - Call Imp                       Summoning                    2
   d - Slow                           Hexes                        2
   e - Conjure Flame                  Conjuration/Fire             3
   f - Mephitic Cloud                 Conjuration/Poison/Air       3
 k - a book of Conjurations

   Spells                             Type                      Level
   a - Magic Dart                     Conjuration                  1
   b - Searing Ray                    Conjuration                  2
   c - Dazzling Spray                 Conjuration/Hexes            3
   d - Fulminant Prism                Conjuration/Hexes            4
   e - Force Lance                    Conjuration/Translocation    4
   f - Iskenderun's Mystic Blast      Conjuration                  4
Comestibles
 c - 2 bread rations
 x - 2 chunks of flesh
 E - 3 fruits


   Skills:
 - Level 2.1 Dodging
 - Level 1.7 Stealth
 - Level 6.3 Spellcasting
 - Level 2.1 Conjurations
 * Level 1.6 Charms
 * Level 1.9 Summonings
 - Level 5.0 Ice Magic


You had 2 spell levels left.
You knew the following spells:

 Your Spells              Type           Power        Failure   Level  Hunger
a - Freeze                Ice            ###.         1%          1    None
b - Throw Frost           Conj/Ice       ###...       4%          2    None
c - Ozocubu's Armour      Chrm/Ice       ###.....     9%          3    ##.....
d - Throw Icicle          Conj/Ice       ###.....     26%         4    ####...
e - Summon Ice Beast      Ice/Summ       ###.....     28%         4    ####...
f - Blink                 Tloc           N/A          17%         2    None


Dungeon Overview and Level Annotations

Branches:
Dungeon (5/15)
 Temple: D:4-7

Altars:
Elyvilon
Fedhas
Makhleb
Vehumet
Xom


Innate Abilities, Weirdness & Mutations

Shadows flee at your approach. (+LOS)
You can swim through water.
You cover ground slowly.
You can hop short distances.


Message History

The ice beast hits you. The ice beast freezes you!
You hit the ice beast but do no damage.
The ice beast is moderately wounded.
The ice beast hits you. The ice beast freezes you!
You hit the ice beast but do no damage.
The ice beast is moderately wounded.
The ice beast hits you.
* * * LOW HITPOINT WARNING * * *
The ice beast freezes you!
* * * LOW HITPOINT WARNING * * *
You closely miss the ice beast.
The ice beast is moderately wounded.
The ice beast closely misses you.
You closely miss the ice beast.
The ice beast is moderately wounded.
The quokka twitches its whiskers.
The ice beast hits you.
* * * LOW HITPOINT WARNING * * *
The ice beast freezes you!
You die...

## ### .. ...
###.######.###
#....@Yr.?..?# #
##.#.###..#.#.# #
... #....# # # #.
##.### # ####
##.#.#### #.###.#
...$
##.......###.....#
.###
#.............####
.... .##.#......#
....
..............#


You could see an ice beast and a quokka.

Vanquished Creatures
  3 ogres
  A hound (D:4)
  An orc wizard (D:4)
  An iguana (D:4)
  A worker ant (D:4)
  A hound skeleton (D:5)
  7 adders
  2 oozes
  5 leopard geckos
  4 orcs
  A ball python (D:1)
  5 giant cockroaches
  6 hobgoblins
  4 jackals
  2 quokkas
  7 bats
  3 frilled lizards
  8 goblins
  10 kobolds
  5 rats
77 creatures vanquished.

Notes
Turn   | Place    | Note
-------+----------+-------------------------------------------
     0 | D:1      | hilaritas the Barachi Ice Elementalist began the quest for the Orb.
     0 | D:1      | Reached XP level 1. HP: 13/13 MP: 3/3
   481 | D:1      | Reached XP level 2. HP: 13/19 MP: 1/5
   527 | D:1      | Learned a level 2 spell: Throw Frost
   846 | D:1      | You fall through a shaft!
  1227 | D:1      | Reached XP level 3. HP: 19/24 MP: 2/6
  1330 | D:1      | Learned a level 3 spell: Ozocubu's Armour
  1575 | D:1      | Reached skill level 5 in Ice Magic
  2031 | D:2      | Reached XP level 4. HP: 30/30 MP: 3/8
  2121 | D:2      | Reached skill level 3 in Spellcasting
  2214 | D:2      | Found a faded altar of an unknown god.
  2874 | D:3      | Learned a level 4 spell: Throw Icicle
  2929 | D:3      | Reached XP level 5. HP: 33/35 MP: 6/10
  3557 | D:3      | Reached skill level 4 in Spellcasting
  3916 | D:4      | Reached skill level 5 in Spellcasting
  3927 | D:4      | Got a brightly glowing cloak
  3938 | D:4      | Identified the -6 cloak of the Vaults {rPois Dex+3 Stlth+} (You found it on level 4 of the Dungeon)
  3972 | D:4      | Learned a level 4 spell: Summon Ice Beast
  3976 | D:4      | Noticed an ogre
  3981 | D:4      | Killed an ogre
  3981 | D:4      | Reached XP level 6. HP: 41/41 MP: 4/14
  4077 | D:4      | Found a shimmering altar of Xom.
  4296 | D:4      | Learned a level 2 spell: Blink
  4312 | D:4      | Reached skill level 6 in Spellcasting
  4744 | D:5      | Entered Level 5 of the Dungeon
  4757 | D:5      | Reached skill level 1 in Charms
  4757 | D:5      | Reached skill level 1 in Summonings
  4757 | D:5      | Reached XP level 7. HP: 42/46 MP: 2/16
  4757 | D:5      | Found a white marble altar of Elyvilon.
  4757 | D:5      | Found a radiant altar of Vehumet.
  4757 | D:5      | Found a blossoming altar of Fedhas.
  4759 | D:5      | Found a burning altar of Makhleb.
  4792 | D:5      | HP: 1/46 [ice beast (11)]
  4794 | D:5      | Mangled by an ice beast

Skill      XL: |  1  2  3  4  5  6 |
---------------+-------------------+-----
Ice Magic      | 4 5 |  5.0
Conjurations   | 2 |  2.1
Spellcasting   | 3 5 6 |  6.3
Charms         | 1 |  1.6
Summonings     | 1 |  1.9
Dodging        | |  2.1
Stealth        | |  1.7

Action                   |  1- 3 |  4- 6 |  7- 9 || total
-------------------------+-------+-------+-------++-------
Melee: Short sword       |    14 |       |       ||    14
       Club              |     3 |       |       ||     3
       Whip              |    19 |    11 |    20 ||    50
 Cast: Freeze            |    52 |    86 |     4 ||   142
       Throw Frost       |     1 |    13 |       ||    14
       Ozocubu's Armour  |       |     4 |       ||     4
  Use: Potion            |     1 |       |       ||     1
       Scroll            |       |     9 |       ||     9
  Eat: Chunk             |     5 |     5 |       ||    10
       Bread ration      |       |     1 |       ||     1
Armor: Robe              |    10 |    21 |     9 ||    40
Dodge: Dodged            |    57 |    66 |    22 ||   145
       Deflected         |       |     2 |       ||     2
